 Dungeon Crawl Stone Soup version 0.17-a0-1987-gaf5a542 (webtiles) character file.

24 dpvblackbelt the Changer (level 3, 0/23 HPs)
             Began as an Octopode Transmuter on Oct 7, 2015.
             Slain by a giant gecko (1 damage)
             ... on level 2 of the Dungeon.
             The game lasted 00:01:45 (1226 turns).

dpvblackbelt the Changer (Octopode Transmuter)      Turns: 1226, Time: 00:01:45

Health: 0/23       AC:  1    Str: 10    XL:     3   Next: 2%
Magic:  5/6        EV: 12    Int: 15    God:
Gold:   38         SH:  0    Dex: 12    Spells: 1 memorised, 5 levels left

rFire  + . .     SeeInvis .     e - +1 whip (flame)
rCold  . . .     Clarity  .     (no shield)
rNeg   . . .     SustAt   .     (helmet restricted)
rPois  .         Gourm    .     (no amulet)
rElec  .         Spirit   .     (no ring)
rCorr  .         Warding  .     (no ring)
rMut   .         Stasis   .     (no ring)
MR     .....                    (no ring)
Stlth  ++........               (no ring)
                                (no ring)
                                (no ring)
                                (no ring)

@: appendage, very slightly contaminated, invisible, not resistant to hostile
enchantments, unstealthy
A: almost no armour, amphibious, 8 rings, constrict 8, tentacle spike 3,
camouflage 1, fire resistance 1, gelatinous body 1
a: End Transformation


You were on level 2 of the Dungeon.
You were not hungry.
One of your tentacles had a temporary spike.
You visited 1 branch of the dungeon, and saw 2 of its levels.

You collected 38 gold pieces.

Inventory:

Hand Weapons
 e - a +1 whip of flaming (weapon)
   (You found it on level 1 of the Dungeon)
Missiles
 a - 12 arrows
Scrolls
 d - a scroll of random uselessness {unknown}
 f - 3 scrolls of identify {unknown}
 i - a scroll of teleportation {unknown}
 j - a scroll of recharging {unknown}
 l - a scroll of fog {unknown}
Books
 b - a book of Changes
Comestibles
 c - 2 bread rations {@e1}
 k - a meat ration {@e2}


   Skills:
 - Level 1.0 Fighting
 - Level 2.0 Dodging
 - Level 3.0 Unarmed Combat
 - Level 2.0 Spellcasting
 + Level 3.4 Transmutations


You had 5 spell levels left.
You knew the following spells:

 Your Spells              Type           Power        Failure   Level  Hunger
a - Beastly Appendage     Trmt           ##....       8%          1    #......


Dungeon Overview and Level Annotations

Branches:
Dungeon (2/15)

Altars:

Annotations:
D:2 Terence


Innate Abilities, Weirdness & Mutations

You cannot wear most types of armour.
You are amphibious.
You can wear up to eight rings at the same time.
You can use your tentacles to constrict eight enemies at once.
Your skin changes colour to match your surroundings (Stealth).
Your rubbery body absorbs attacks (AC +1).
One of your tentacles bears a large vicious spike.
Your flesh is heat resistant.


Message History

The ball python constricts you.
You take 2 damage, and have 16/18 hp.
A ball python is nearby!
You hit the ball python. You burn the ball python.
You kill the ball python!
l - a scroll labeled TOBROZ LYFUGE No target in view!
There is an open door here.
You see here 16 stones.
You see here 16 stones.
You are feeling hungry.
No target in view!
Health restored: 18 You may need something to eat soon, looking for food.
There is an open door here.
You see here a ball python corpse.
No target in view!
Autochopping corpse.
You butcher the ball python corpse.
m - a chunk of flesh {@w0} You see here a ball python skeleton.
No target in view!
Autoeating chunks.
Eating a chunk of flesh {@w0}.
You continue eating. x2
No target in view!
There is an open door here.
A goblin comes into view. It is wielding a dagger.
The goblin shouts!
A goblin is nearby!
A goblin is nearby!
You miss the goblin. Your grab misses the goblin.
Your squeeze misses the goblin. The goblin hits you with a dagger.
You take 1 damage, and have 17/18 hp.
A goblin is nearby!
You hit the goblin. You burn the goblin. You grab the goblin.
You constrict the goblin. The goblin hits you with a dagger.
You take 2 damage, and have 15/18 hp.
You hit the goblin. You burn the goblin.
You kill the goblin!
You have reached level 3!
Your experience leads to an increase in your attributes!
Increase (S)trength, (I)ntelligence, or (D)exterity?
You feel stronger.
You regained 4 hp, and now have 19/23 hp.
MP restored: 6 No target in view!
There is an open door here.
Done exploring.
No target in view!
Done exploring.
No target in view!
No target in view!
(D) Dungeon
Where to? (Enter - D:1 @ (x,y), ? - help)
There is an open door here.
There is a stone staircase leading down here.
You climb downwards.
A giant gecko and Terence come into view.
Terence shouts!
There is a stone staircase leading up here.
You regained 2 hp, and now have 22/23 hp.
You climb upwards.
There is a stone staircase leading down here.
Health restored: 23 One of your tentacles grows a vicious spike.
You now have 5/6 mp.
You climb downwards.
Level annotation: Terence The giant gecko misses you.
Terence closely misses you.
There is a stone staircase leading up here.
You hit Terence. You burn Terence. Your grab misses Terence.
You pierce Terence, but do no damage.
The giant gecko barely misses you. Terence hits you with a flail!
The giant gecko closely misses you.
You take 9 damage, and have 14/23 hp.
MASSIVE DAMAGE!!
You barely miss Terence. You grab Terence.
You squeeze Terence, but do no damage.
You constrict Terence, but do no damage.
The giant gecko bites you. Terence hits you with a flail!
* * * LOW HITPOINT WARNING * * *
You take 10 damage, and have 4/23 hp.
MASSIVE DAMAGE!!
Drink which item? (? for menu, Esc to quit)
It was a potion of invisibility.
You fade into invisibility!
You constrict Terence, but do no damage.
The giant gecko barely misses you. Terence closely misses you.
You are very lightly contaminated with residual magic.
Drink which item? (? for menu, Esc to quit)
It was a potion of mutation.
You feel extremely strange.
You feel resistant to heat.
You constrict Terence. The giant gecko bites you.
* * * LOW HITPOINT WARNING * * *
You take 3 damage, and have 1/23 hp.
You barely miss Terence.
You pierce Terence, but do no damage.
You squeeze Terence. You constrict Terence. The giant gecko closely misses you.
Terence bares his teeth.
Terence misses you. The giant gecko closely misses you.
You hit Terence but do no damage. You constrict Terence.
Terence barely misses you. The giant gecko bites you.
You die...

##### #...#
#...####...
#.@........
#..@# #..l#
#...# #####


You could see Terence and a giant gecko.

Vanquished Creatures
  2 bats (D:1)
  7 goblins (D:1)
  2 hobgoblins (D:1)
  6 jackals (D:1)
  A kobold (D:1)
  A ball python (D:1)
  4 rats (D:1)
23 creatures vanquished.

Notes
Turn   | Place    | Note
--------------------------------------------------------------
     0 | D:1      | dpvblackbelt the Octopode Transmuter began the quest for the Orb.
     0 | D:1      | Reached XP level 1. HP: 13/13 MP: 3/3
   579 | D:1      | Reached XP level 2. HP: 18/18 MP: 3/5
   833 | D:1      | Reached skill level 3 in Transmutations
  1161 | D:1      | Reached XP level 3. HP: 19/23 MP: 6/6
  1215 | D:2      | Noticed Terence
  1222 | D:2      | HP: 4/23 [Terence/flail (8)]
  1224 | D:2      | Gained mutation: Your flesh is heat resistant. [potion of mutation]
  1224 | D:2      | HP: 1/23 [giant gecko (3)]
  1226 | D:2      | Slain by a giant gecko

Vault maps used:
D:1:      matt_arrival_grand_opening
D:2:      uniq_jessica, uniq_sigmund, uniq_terence, uniq_iyjb

Action                   || total
-------------------------++-------
Melee: Whip              ||    45
 Cast: Beastly Appendage ||     2
  Use: Potion            ||     2
 Stab: Sleeping          ||     1
  Eat: Chunk             ||     1

Vault maps used:
D:1:      matt_arrival_grand_opening
D:2:      uniq_jessica, uniq_sigmund, uniq_terence, uniq_iyjb

Table legend:
 A = Turns spent in this place as a percentage of turns spent in the entire game.
 B = Non-inter-level travel turns spent in this place as a percentage of non-inter-level travel turns spent in the entire game.
 C = Inter-level travel turns spent in this place as a percentage of turns spent in this place.
 D = Turns resting spent in this place as a percentage of non-inter-level travel turns spent in this place.
 E = Turns spent auto-exploring this place as a percentage of non-inter-level travel turns spent in this place.
 F = Non-inter-level travel turns spent in this place divided by the number of levels of this place that you've seen.
                   A       B       C       D       E      F
               +-------+-------+-------+-------+-------+----------------------
         Total | 100.0 | 100.0 |   0.6 |   1.9 |  10.2 | 157.5
       Dungeon | 100.0 | 100.0 |   0.6 |   1.9 |  10.2 | 157.5
               +-------+-------+-------+-------+-------+----------------------

Table legend:
 A = Kills in this place as a percentage of kills in entire the game.
 B = Kills by you in this place as a percentage of kills by you in the entire game.
 C = Kills by friends in this place as a percentage of kills by friends in the entire game.
 D = Other kills in this place as a percentage of other kills in the entire game.
 E = Experience gained in this place as a percentage of experience gained in the entire game.
 F = Experience gained in this place divided by the number of levels of this place that you have seen.
                   A       B       C       D       E      F
               +-------+-------+-------+-------+-------+----------------------
         Total | 100.0 | 100.0 |  -nan |  -nan | 100.0 |  17.5
       Dungeon | 100.0 | 100.0 |  -nan |  -nan | 100.0 |  17.5
               +-------+-------+-------+-------+-------+----------------------
